cohdb
Replays
Latest Replays
All Replays
Popular Replays
Top Player Replays
Match Explorer
How It Works
Community
CoH3 Stats
Reddit
Sign in to upload your games and track your stats! →
Sign in with Steam
Match 37880622
Unlisted
Match 37880622
Overview
Messages
Build Orders
End
Construct Weapon Support Center
Selects Armored Battlegroup
M1919 Machine Gun Team
Engineer Squad
M1919 Machine Gun Team
Air Support Center
Air Supply
Grasshopper Recon Run
Mortar Pit
M3 Armored Personnel Carrier
M1919 Machine Gun Team
Double Sortie
P-47 Dive Bomb
Grasshopper Recon Run
P-47 Strafing Run
Air Supremacy
Mortar Pit
Advanced Air Reconnaissance
Selects Strength in Steel
Selects Assault Engineers
Grasshopper High-Altitude Recon Run
Construct Tank Depot
P-47 Strafing Run
Grasshopper High-Altitude Recon Run
P-47 Dive Bomb
M18 Hellcat Tank Destroyer
P-47 Strafing Run
P-47 Dive Bomb
Grasshopper High-Altitude Recon Run
P-47 Strafing Run
Honey
khj
Zebra
kpudk
DeuxK
I L L I R
Ricarda Breit
刘华强
0
0
Comments
sign in to comment!
No comments posted yet!